 Dungeon Crawl Stone Soup version 0.22-a0-553-g9358b0b (webtiles) character file.

1241 inc the Magician (level 8, -5/51 HPs)
             Began as an Octopode Fire Elementalist on June 25, 2018.
             Was an Initiate of Gozag.
             Slain by a wyvern skeleton (12 damage)
             ... on level 5 of the Dungeon.
             The game lasted 00:13:01 (5994 turns).

inc the Magician (Octopode Fire Elementalist)       Turns: 5994, Time: 00:13:01

Health: -5/51      AC:  1    Str: 11    XL:     8   Next: 49%
Magic:  9/17       EV: 13    Int: 19    God:    Gozag
Gold:   263        SH:  0    Dex: 13    Spells: 13/20 levels left

rFire    . . .     SeeInvis .   r - +3 short sword (elec)
rCold    . . .     Gourm    .   (no shield)
rNeg     . . .     Faith    .   (helmet restricted)
rPois    +         Spirit   .   (no amulet)
rElec    .         Reflect  .   h - ring of poison resistance
rCorr    .         Harm     .   n - +4 ring of strength
MR       .....     Rnd*Tele +   s - ring of teleportation (curse)
Stlth    +++.......             (no ring)
HPRegen  0.17/turn              (no ring)
MPRegen  0.15/turn              (no ring)
                                (no ring)
                                (no ring)

@: very slightly contaminated, invisible
A: almost no armour, stealthy swim, amphibious, 8 rings, constrict 8, camouflage
1, gelatinous body 1
a: Potion Petition, Call Merchant, Bribe Branch, Renounce Religion


You were on level 5 of the Dungeon.
You worshipped Gozag.
Gozag was aware of your devotion.
You were not hungry.

You visited 2 branches of the dungeon, and saw 6 of its levels.

You collected 325 gold pieces.
You paid 62 gold pieces to Gozag.

Inventory:

Hand Weapons
 a - a +0 dagger
 k - a +3 dagger of venom
 o - a +0 dagger of venom
 r - a +3 short sword of electrocution (weapon)
Jewellery
 h - a ring of poison resistance (left tentacle)
 n - a +4 ring of strength (right tentacle)
 s - a cursed ring of teleportation (on tentacle)
Wands
 i - a wand of paralysis (10)
 j - a wand of enslavement (6)
Scrolls
 b - a scroll of remove curse {unknown}
 l - a scroll of identify
Potions
 d - a potion of ambrosia
 e - 2 potions of haste
 f - a potion of degeneration
 g - a potion of curing
 p - a potion of flight {unknown}
Comestibles
 c - 3 rations


   Skills:
 - Level 2.9 Fighting
 - Level 2.0 Dodging
 - Level 2.6 Stealth
 + Level 6.5 Spellcasting
 - Level 6.0 Conjurations
 - Level 3.8 Fire Magic


You had 13 spell levels left.
You knew the following spells:

 Your Spells              Type           Power        Failure   Level  Hunger
a - Flame Tongue          Conj/Fire      ###..        1%          1    None
b - Sticky Flame          Conj/Fire      ###.....     14%         4    ####...
e - Blink                 Tloc           N/A          16%         2    None

Your spell library contained the following spells:

 Spells                   Type           Power        Failure   Level  Hunger
 Magic Dart               Conj           ####         1%          1    None
 Fireball                 Conj/Fire      ###.......   36%         5    #####..
 Conjure Flame            Conj/Fire      ###.....     4%          3    ##.....
 Slow                     Hex            #.......     16%         2    None
 Confuse                  Hex            #.......     32%         3    ##.....
 Throw Flame              Conj/Fire      ###...       2%          2    None
 Mephitic Cloud           Conj/Pois/Air  ##......     14%         3    ##.....
 Call Imp                 Summ           #.......     16%         2    None
 Tukima's Dance           Hex            #.......     32%         3    ##.....
 Ensorcelled Hibernation  Hex/Ice        #.....       16%         2    None
 Corona                   Hex            #......      11%         1    None
 Inner Flame              Hex/Fire       ##......     14%         3    ##.....
 Dazzling Spray           Conj/Hex       ###...       10%         3    ##.....


Dungeon Overview and Level Annotations

Branches:
Dungeon (5/15)             Temple (1/1) D:5

Altars:
Cheibriados
Dithmenos
Gozag
Hepliaklqana
Trog
Uskayaw
Xom

Shops:
D:5 :

Annotations:
D:3 Grinder, Sigmund


Innate Abilities, Weirdness & Mutations

You cannot wear most types of armour.
You are very stealthy in the water. (Stealth+)
You are amphibious.
You can wear up to eight rings at the same time.
You can use your tentacles to constrict eight enemies at once.
Your skin changes colour to match your surroundings (Stealth+).
Your rubbery body absorbs attacks. (AC +1, EV +1)


Message History

Aim: a wyvern skeleton (severely damaged)
The flame tongue hits the wyvern skeleton.
The wyvern skeleton is severely damaged.
The wyvern skeleton bites you.
* * * LOW HITPOINT WARNING * * *
You fade into invisibility!
The wyvern skeleton bites you!
* * * LOW HITPOINT WARNING * * *
You are very lightly contaminated with residual magic.
Casting: Flame Tongue (safe; 1% risk of failure)
Confirm with . or Enter, or press ? or * to list all spells.
Aiming: Sticky Flame (safe; 14% risk of failure)
Press: ? - help, Shift-Dir - straight line, f/p - wyvern skeleton
Aim: a wyvern skeleton (severely damaged)
The sticky flame hits the wyvern skeleton.
The wyvern skeleton is almost destroyed.
The wyvern skeleton is covered in liquid flames!
The wyvern skeleton burns!
The wyvern skeleton bites you!
You die...
Your body crumbles into a pile of gold.

#.# #.# #.# # #.# .# ### #.#
.. #.# ##.# #.
####.####..###
#####.#............#
......Z@.####.####.#
.........##.....##.##
.........#.......#..##
.........#.......#...#
............._.......###
..........#.......#....#.
..........#.......#....#.
.............##.....##....+.
#............####.####....#.


You could see a wyvern skeleton (wandering).

Vanquished Creatures
  Pikel (D:4)
  Duvessa (D:4)
  Dowan (D:4)
  A scorpion (D:4)
  A crimson imp (D:5)
  A bullfrog zombie (D:5)
  An orc priest (D:3)
  Crazy Yiuf (D:2)
  A hound (D:4)
  A bullfrog skeleton (D:3)
  An iguana (D:4)
  Ijyb (D:5)
  Terence (D:2)
  An orc wizard (D:3)
  3 worker ants
  Robin (D:2)
  11 adders
  An ooze (D:2)
  2 worms
  5 dart slugs (D:1)
  4 leopard geckos
  8 orcs
  10 bats
  5 giant cockroaches
  12 goblins
  10 hobgoblins
  9 jackals
  A quokka (D:4)
  2 ball pythons
  5 frilled lizards
  5 kobolds
  4 rats
  A fungus (D:2)
113 creatures vanquished.

Vanquished Creatures (others)
  Edmund (D:4)
  An adder (D:4)
2 creatures vanquished.

Grand Total: 115 creatures vanquished

Notes
Turn   | Place    | Note
-------+----------+-------------------------------------------
     0 | D:1      | inc the Octopode Fire Elementalist began the quest for the Orb.
     0 | D:1      | Reached XP level 1. HP: 11/11 MP: 3/3
    98 | D:1      | Reached XP level 2. HP: 10/17 MP: 0/5
   701 | D:1      | Reached XP level 3. HP: 13/21 MP: 4/6
  1316 | D:2      | Reached XP level 4. HP: 26/27 MP: 3/7
  1327 | D:2      | Found a bloodstained altar of Trog.
  1338 | D:2      | Noticed Robin
  1371 | D:2      | Killed Robin
  1379 | D:2      | HP: 1/27 [goblin[Robin] (3)]
  1736 | D:2      | Noticed Terence
  1794 | D:3      | Reached XP level 5. HP: 28/31 MP: 3/8
  1929 | D:3      | Found a hazy altar of Hepliaklqana.
  2021 | D:3      | Noticed Grinder
  2216 | D:3      | Reached skill level 5 in Conjurations
  2299 | D:2      | Killed Terence
  2648 | D:2      | Found a runed door.
  2652 | D:2      | Noticed Crazy Yiuf
  2712 | D:2      | Killed Crazy Yiuf
  3062 | D:3      | Reached XP level 6. HP: 35/36 MP: 6/9
  3574 | D:3      | Reached skill level 1 in Fighting
  3752 | D:3      | Noticed Sigmund
  4016 | D:4      | Noticed Pikel
  4016 | D:4      | Noticed a slave
  4016 | D:4      | Noticed a slave
  4292 | D:4      | Learned a level 4 spell: Sticky Flame
  4467 | D:4      | Noticed Dowan
  4478 | D:4      | Noticed Duvessa
  4658 | D:4      | Found an opulent altar of Gozag.
  4663 | D:4      | Became a worshipper of Gozag Ym Sagoz the Greedy
  4728 | D:5      | Entered Level 5 of the Dungeon
  4728 | D:5      | Found Kudaid's Book Boutique.
  4751 | D:5      | Learned a level 2 spell: Blink
  4754 | D:5      | Found a staircase to the Ecumenical Temple.
  4760 | Temple   | Entered the Ecumenical Temple
  4836 | D:4      | Reached XP level 7. HP: 45/45 MP: 4/10
  5317 | D:4      | Killed Duvessa
  5449 | D:4      | Killed Dowan
  5487 | D:4      | Killed Pikel
  5487 | D:4      | Reached XP level 8. HP: 42/51 MP: 1/17
  5568 | D:4      | Killed Edmund
  5903 | D:5      | Noticed Ijyb
  5909 | D:5      | Killed Ijyb
  5962 | D:5      | Found a snail-covered altar of Cheibriados.
  5994 | D:5      | Slain by a wyvern skeleton

Vault maps used:
D:1:      minmay_arrival_up_and_down, minmay_pentomino_s4
D:2:      lemuel_crystal_altar, first_ration, uniq_terence,
          uniq_crazy_yiuf_cottage, uniq_robin
D:3:      marbit_many_paths, uniq_sigmund, uniq_grinder
D:4:      kennysheep_little_box, due_unseen_surprise, uniq_edmund, uniq_duvessa,
          uniq_pikel
D:5:      yredelemnul_altar_generic, old_standard_altar,
          minmay_temple_entry_hall, serial_shops, nicolae_shop_waterfront,
          uniq_ijyb
Temple:   oiseaux_autumnal_temple

Skill      XL: |  1  2  3  4  5  6  7 |
---------------+----------------------+-----
Conjurations   | 2 3 4 5 6 |  6.0
Fighting       | 2 |  2.9
Spellcasting   | 6 |  6.5
Dodging        | |  2.0
Stealth        | |  2.6
Fire Magic     | |  3.8

Action                   |  1- 3 |  4- 6 |  7- 9 || total
-------------------------+-------+-------+-------++-------
Melee: Unarmed           |     8 |       |       ||     8
       Constrict         |     4 |    22 |     2 ||    28
       Tentacles         |     3 |    14 |     1 ||    18
       Dagger            |     4 |    58 |     1 ||    63
       Short sword       |       |       |     8 ||     8
 Cast: Flame Tongue      |    50 |   114 |    33 ||   197
       Sticky Flame      |       |       |     4 ||     4
  Use: Scroll            |       |     5 |     5 ||    10
       Potion            |       |       |     1 ||     1
 Stab: Sleeping          |       |     2 |     2 ||     4
  Eat: Chunk             |     2 |     6 |       ||     8
       Ration            |       |     2 |     1 ||     3
Armor: Skin              |       |     3 |     2 ||     5
Dodge: Dodged            |    13 |    54 |     6 ||    73

Table legend:
 A = Spawn XP
 B = Non-spawn XP
 C = Spawn XP percentage of total XP
 D = Spawn monster count
 E = Non-spawn monster count
 F = Spawn count percentage of total count
 G = Total turns spent on level
                    A         B        C        D         E        F      G
               +---------+---------+-------+---------+---------+-------+---------
         Total |       0 |    1774 |   0.0 |       0 |     112 |   0.0 |  5994
               +---------+---------+-------+---------+---------+-------+---------
           D:1 |       0 |      57 |   0.0 |       0 |      26 |   0.0 |  1276
           D:2 |       0 |     188 |   0.0 |       0 |      26 |   0.0 |  1296
           D:3 |       0 |     228 |   0.0 |       0 |      34 |   0.0 |  1517
           D:4 |       0 |    1098 |   0.0 |       0 |      18 |   0.0 |  1581
           D:5 |       0 |     203 |   0.0 |       0 |       8 |   0.0 |   302
               +---------+---------+-------+---------+---------+-------+---------
